 Dungeon Crawl Stone Soup version 0.30-a0-122-g2a1322497e (webtiles) character file.

Game seed: 7305095265663249434

119669 freelancePsychic the Lord of Darkness (level 16, 0/103 HPs)
             Began as a Deep Elf Summoner on Sept 15, 2022.
             Was the Champion of Kikubaaqudgha.
             Collided with a +1 halberd of freezing (8 damage)
             ... caused by a deep elf knight
             ... on level 1 of the Elven Halls on Sept 16, 2022.
             The game lasted 01:22:03 (31946 turns).

freelancePsychic the Lord of Darkness (DESu)       Turns: 31946, Time: 01:22:03

Health: 0/103      AC: 10    Str: 11      XL:     16   Next: 28%
Magic:  10/55      EV: 19    Int: 37 (38) God:    Kikubaaqudgha [******]
Gold:   1077       SH: 11    Dex: 20      Spells: 3/46 levels left

rFire   + + .      SeeInvis .    Y - +5 morningstar "Yphoorch" {vorpal, *Corrode MP+9 Str+10}
rCold   + . .      Faith    .    G - +0 buckler
rNeg    . . .      Spirit   .    D - +0 troll leather armour
rPois   .          Reflect  +    (helmet restricted)
rElec   +          Harm     .    C - scarf {rC+ rF+}
rCorr   .          Rampage  .    R - +2 pair of gloves
Will    +....      Clarity  +    r - +2 pair of boots
Stlth   ++........               V - amulet of reflection
HPRegen 1.07/turn                X - ring of the Iron Devil {Wiz Str-3 Int+5 Slay+2}
MPRegen 0.34/turn                E - ring of Kuazuph {rElec MP+9 Dex+6}

@: animating dead (expiring)
A: hooves 1, horns 1, clarity, clever 1, deterioration 1, fire resistance 1
a: Renounce Religion, Unearth Wretches, Torment


You were on level 1 of the Elven Halls.
You worshipped Kikubaaqudgha.
Kikubaaqudgha was exalted by your worship.
You visited 5 branches of the dungeon, and saw 24 of its levels.
You also visited: Ice Cave.

You collected 2546 gold pieces.
You spent 1469 gold pieces at shops.

Inventory:

Hand Weapons
 T - a +9 demon trident
 Y - the +5 morningstar "Yphoorch" (weapon) {vorpal, *Corrode MP+9 Str+10}
   (You bought it in a shop on level 1 of the Orcish Mines)

   It inflicts extra damage upon your enemies.
   Str:       It affects your strength (+10).
   MP:        It affects your magic capacity (+9).
   *Corrode:  It may corrode you when you take damage.
Missiles
 F - 4 throwing nets
Armour
 r - a +2 pair of boots (worn)
 v - a +2 tower shield of cold resistance
 C - a scarf of resistance (worn)
 D - a +0 troll leather armour (worn)
 G - a +0 buckler (worn)
 R - a +2 pair of gloves (worn)
Magical Staves
 a - a staff of air
 L - a staff of conjuration
 P - a staff of earth
Jewellery
 i - a ring of protection from fire
 k - a +6 ring of intelligence
 o - a ring of flight
 s - a ring of ice
 u - an amulet of the acrobat
 w - a +6 ring of intelligence
 x - a ring of protection from cold
 E - the ring of Kuazuph (right hand) {rElec MP+9 Dex+6}
   (You bought it in a shop on level 8 of the Dungeon)

   [ring of magical power]

   Dex:       It affects your dexterity (+6).
   rElec:     It insulates you from electricity.
   MP:        It affects your magic capacity (+9).
 S - a ring of ice
 V - an amulet of reflection (around neck)
 X - the ring of the Iron Devil (left hand) {Wiz Str-3 Int+5 Slay+2}
   (You acquired it on level 4 of the Lair of Beasts)

   [ring of wizardry]

   It improves your spell success rate.
   Str:       It affects your strength (-3).
   Int:       It affects your intelligence (+5).
   Slay:      It affects your accuracy & damage with ranged weapons and melee
   (+2).
 Z - a ring of ice
Wands
 y - a wand of roots (36)
 A - a wand of paralysis (6)
 H - a wand of flame (21)
 Q - a wand of mindburst (9)
 U - a wand of digging (6)
Scrolls
 d - 2 scrolls of brand weapon
 j - 2 scrolls of immolation
 t - 3 scrolls of fog
 B - 5 scrolls of teleportation {@r4}
 K - a scroll of blinking
 O - 4 scrolls of enchant weapon
Potions
 b - 2 potions of might
 c - 3 potions of brilliance
 e - 5 potions of flight
 f - 6 potions of curing {@q1}
 g - 5 potions of magic
 h - 3 potions of mutation
 l - 5 potions of resistance
 m - a potion of attraction
 n - 4 potions of haste {@q3}
 p - 14 potions of degeneration
 q - 4 potions of heal wounds {unknown}
 z - a potion of berserk rage
 I - a potion of ambrosia
 N - 3 potions of lignification {unknown}
 W - a potion of invisibility {unknown}
Miscellaneous
 M - a tin of tremorstones (2/2)


   Skills:
 + Level 12.4 Fighting
 - Level 12.2 Dodging
 - Level 2.4 Stealth
 - Level 3.8 Shields
 + Level 15.5 Spellcasting
 - Level 7.8 Hexes
 - Level 11.2 Summonings
 - Level 16.5 Necromancy
 * Level 6.3 Transmutations
 - Level 4.9 Ice Magic
 - Level 4.1 Air Magic
 + Level 7.1 Earth Magic


You had 3 spell levels left.
You knew the following spells:

 Your Spells              Type           Power      Damage    Failure   Level
a - Anguish               Hex/Necr       43%        N/A       1%          4
b - Simulacrum            Ice/Necr       41%        N/A       1%          6
c - Death Channel         Necr           50%        N/A       1%          6
d - Summon Lightning Spi  Summ/Air       72%        N/A       1%          4
e - Animate Dead          Necr           100%       N/A       0%          4
f - Dispel Undead         Necr           100%       3d31      0%          4
g - Call Canine Familiar  Summ           84%        N/A       1%          3
h - Borgnjor's Vile Clut  Necr/Erth      43%        N/A       1%          5
i - Haunt                 Necr/Summ      46%        N/A       2%          7

Your spell library contained the following spells:

 Spells                   Type           Power      Damage    Failure   Level
 Necrotise                Necr           100%       1d9       0%          1
 Summon Small Mammal      Summ           100%       N/A       0%          1
 Vampiric Draining        Necr           100%       2d13      0%          3
 Freeze                   Ice            100%       1d11      1%          1
 Magic Dart               Conj           100%       1d8       1%          1
 Slow                     Hex            100%       N/A       1%          1
 Sting                    Tmut/Pois      100%       1d8       1%          1
 Call Imp                 Summ           84%        N/A       1%          2
 Cigotuvi's Dreadful Rot  Necr/Pois/Air  100%       N/A       1%          2
 Ensorcelled Hibernation  Hex/Ice        100%       N/A       1%          2
 Passwall                 Tmut/Erth      56%        N/A       1%          2
 Poisonous Vapours        Pois/Air       88%        N/A       1%          2
 Scorch                   Fire           56%        2d7       1%          2
 Confusing Touch          Hex            72%        N/A       1%          3
 Frozen Ramparts          Ice            100%       1d16      1%          3
 Ignite Poison            Fire/Tmut/Pois 44%        N/A       1%          3
 Inner Flame              Hex/Fire       55%        N/A       1%          3
 Mephitic Cloud           Conj/Pois/Air  38%        N/A       1%          3
 Summon Guardian Golem    Hex/Summ       78%        N/A       1%          3
 Swiftness                Air            56%        N/A       1%          3
 Airstrike                Air            28%        2d(4-20)  1%          4
 Cause Fear               Hex            36%        N/A       1%          4
 Ice Form                 Ice/Tmut       63%        N/A       1%          4
 Petrify                  Tmut/Erth      68%        N/A       1%          4
 Agony                    Necr           100%       N/A       1%          5
 Metabolic Englaciation   Hex/Ice        33%        N/A       1%          5
 Summon Mana Viper        Hex/Summ       78%        N/A       1%          5
 Summon Cactus Giant      Summ           42%        N/A       1%          6
 Summon Forest            Summ/Tloc      31%        N/A       2%          5
 Hailstorm                Conj/Ice       46%        3d11      3%          4
 Borgnjor's Revivificati  Necr           50%        N/A       6%          8
 Infestation              Necr           50%        N/A       6%          8
 Freezing Cloud           Conj/Ice/Air   25%        6-21      7%          5
 Summon Hydra             Summ           42%        N/A       8%          7
 Flame Wave               Conj/Fire      28%        2d9       9%          4
 Olgreb's Toxic Radiance  Pois           28%        N/A       9%          4
 Statue Form              Tmut/Erth      45%        N/A       9%          6
 Lightning Bolt           Conj/Air       22%        1d37      11%         5
 Fireball                 Conj/Fire      14%        3d8       24%         5
 Iskenderun's Battlesphe  Conj           28%        2d8       24%         5
 Enfeeble                 Hex            36%        N/A       28%         7
 Eringya's Noxious Bog    Tmut/Pois      25%        N/A       32%         6
 Necromutation            Tmut/Necr      42%        N/A       43%         8
 Conjure Ball Lightning   Conj/Air       22%        3x3d6     45%         6
 Death's Door             Necr           50%        N/A       65%         9
 Discord                  Hex            36%        N/A       89%         8
 Orb of Destruction       Conj           14%        9d7       99%         7


Dungeon Overview and Level Annotations

Branches:
Dungeon (15/15)            Temple (1/1) D:4            Lair (5/5) D:9
 Shoals (0/4) Lair:3        Snake (0/4) Lair:3        Slime (0/5) Lair:5
    Orc (2/2) D:11            Elf (1/3) Orc:2        Vaults (0/5) D:13
 Depths (0/4) D:15          IceCv (visited)

Altars:
Ashenzari
Dithmenos
Elyvilon
Fedhas
Gozag
Kikubaaqudgha
Makhleb
Nemelex Xobeh
Okawaru
Qazlal
Ru
Sif Muna
Trog
Uskayaw
Vehumet
Wu Jian
Xom
Yredelemnul
Zin
The Shining One
Jiyva

Shops:
D:8 =   Orc:1 *   Orc:2 [*[(

Annotations:
D:3 exclusions: 2 orcs and 2 orc priests
D:11 1 runed translucent door
Lair:1 1 runed translucent door, IdlyInterested's ghost, journeyman DsGl
Lair:5 exclusion: oklob plant


Innate Abilities, Weirdness & Mutations

You have large cloven feet.
You have a pair of small horns on your head.
You possess an exceptional clarity of mind.
Your mind is acute. (Int +4, Str/Dex -1)
Your body sometimes deteriorates upon taking damage.
Your flesh is heat resistant. (rF+)


Message History

Something hits your deep elf knight zombie!!
Your deep elf zephyrmancer zombie misses something.
Your deep elf zephyrmancer zombie hits something.
Something hits your deep elf knight zombie!
Your deep elf knight zombie is destroyed!
Your deep elf zephyrmancer zombie hits something.
You hear some strange, mumbled words.
A lance of force appears from out of thin air!
The lance of force hits your deep elf knight zombie!!
Your deep elf knight zombie is knocked back by the lance of force.
Your deep elf knight zombie collides with you!
* * * LOW HITPOINT WARNING * * *
Your deep elf knight zombie is heavily damaged.
Your deep elf zephyrmancer zombie misses something.
Your reaping aura is weakening.
You hear some strange, mumbled words.
A lance of force appears from out of thin air!
The lance of force hits your deep elf knight zombie!!
Your deep elf knight zombie is knocked back by the lance of force.
Your deep elf knight zombie collides with you!
* * * LOW HITPOINT WARNING * * *
Your deep elf knight zombie is destroyed!
There is an open door here.
Okay, then.
As you read the scroll of summoning, it crumbles to dust.
Wisps of shadow whirl around you...
You hear some strange, mumbled words.
A shard of ice appears from out of thin air!
The shard of ice hits you! You partially resist.
* * * LOW HITPOINT WARNING * * *
Your body deteriorates!
You feel dopey.
You swap places.
Something hits your +1 halberd of freezing.
You hear some strange, mumbled words.
A lance of force appears from out of thin air!
The lance of force hits your +1 halberd of freezing!
Your +1 halberd of freezing is knocked back by the lance of force.
Your +1 halberd of freezing collides with you!
You die...
Kikubaaqudgha rasps: "You have failed me!
Welcome... death!" ee

#Z# #.......# #. #.#
##.).....###. #Z#
#.(.......##. #.#
##'.......###. #.#
##.#.......'##.
###'###.###.....##.#+
##.e.##.##
#.....###'.
##...e('## ###+###
##. #.....@.# #..
+.......# #..
#.......# #..
##...).## ##. ##...##
## +###'## # ##.##
##.## ##.#####+#


You could see a friendly deep elf archer (summoned, repels missiles), a friendly
deep elf zephyrmancer (summoned), a friendly +1 halberd of freezing (summoned)
and a friendly deep elf zephyrmancer zombie.

Vanquished Creatures
  A caustic shrike (shapeshifter) (D:15)
  2 orc warlords (Orc:2)
  Nessos (Lair:5)
  A deep elf demonologist (Elf:1)
  A dire elephant (Lair:5)
  2 blizzard demons (IceCv)
  Snorg (Orc:2)
  Josephine (D:14)
  A rakshasa (D:15)
  A vault guard (D:13)
  A boulder beetle (D:13)
  A centaur warrior (D:14)
  2 two-headed ogres
  2 death yaks (Lair:5)
  A spectral anaconda (Lair:5)
  A skeletal warrior (D:13)
  A glowing orange brain (D:15)
  A bog body (IceCv)
  2 obsidian statues
  7 spriggan simulacra (IceCv)
  7 deep elf archers (Elf:1)
  4 deep elf zephyrmancers (Elf:1)
  3 necromancers (Lair:5)
  5 deep elf pyromancers (Elf:1)
  A phantasmal warrior (D:13)
  14 ugly things
  An orc sorcerer (Orc:2)
  A cyclops (D:14)
  3 manticores
  7 elephants
  4 black mambas
  A cane toad (Lair:5)
  A dire elephant skeleton (Lair:5)
  A gargoyle (D:14)
  5 rime drakes
  Psyche (D:12)
  2 komodo dragons
  4 freezing wraiths
  An anaconda simulacrum (IceCv)
  10 ice devils (IceCv)
  A polar bear (Lair:2)
  A wind drake (Lair:3)
  A spectral elephant (Lair:5)
  A slime creature (D:15)
  2 blink frogs (Lair:5)
  A dream sheep (Lair:4)
  A centaur simulacrum (D:15)
  2 shadows
  A water elemental (Elf:1)
  A nameless horror (D:15)
  2 dire elephant simulacra
  A yak (Lair:4)
  3 basilisks
  6 wraiths
  A death yak simulacrum (Lair:5)
  2 steam dragons
  9 minotaur simulacra
  5 vampire mosquitoes (D:13)
  A spectral cane toad (Lair:5)
  4 harpy simulacra
  A naga (Lair:3)
  4 water moccasins
  7 orc warriors (Orc:2)
  3 alligator simulacra (IceCv)
  2 elephant zombies (Lair:5)
  2 centaurs (D:14)
  3 bullfrogs
  2 earth elementals (Elf:1)
  10 deep troll simulacra
  An elephant simulacrum (Lair:5)
  2 lindwurm simulacra (IceCv)
  4 orc priests
  4 orc wizards (Orc:2)
  3 hell rats (Lair:3)
  A gnoll (D:10)
  A worm (D:3)
  10 orcs
  2 bats
  An endoplasm (D:4)
  2 kobolds (D:10)
218 creatures vanquished.

Vanquished Creatures (collateral kills)
  Rupert (D:12)
  A deep elf sorcerer (Elf:1)
  2 vault guards (D:13)
  A centaur warrior (D:13)
  3 two-headed ogres
  A death knight (D:13)
  2 boulder beetles
  3 deep elf knights (Elf:1)
  2 deep elf archers (Elf:1)
  3 deep elf pyromancers (Elf:1)
  A necromancer (Lair:5)
  2 lindwurms (D:11)
  An orc knight (Orc:1)
  An orc sorcerer (Orc:2)
  4 deep elf zephyrmancers (Elf:1)
  3 manticores
  An ugly thing (D:14)
  A cyclops (D:15)
  8 elephants
  Joseph (D:8)
  A black mamba (Lair:1)
  A gargoyle (D:9)
  11 cane toads
  3 kobold demonologists (D:13)
  A freezing wraith (D:13)
  4 rime drakes
  3 komodo dragons
  A troll (D:12)
  An ice devil (IceCv)
  A polar bear (Lair:2)
  11 slime creatures
  12 blink frogs
  5 dream sheep
  2 air elementals (Elf:1)
  10 yaks
  A wraith (D:11)
  A water elemental (Elf:1)
  3 wyverns
  2 fire elementals
  2 vampire mosquitoes
  2 steam dragons (Lair:2)
  A warg (Orc:1)
  2 spectral cane toads (Lair:5)
  An acid dragon (Lair:2)
  5 water moccasins
  A hell hound (D:12)
  5 nagas (Lair:3)
  A swamp drake (D:11)
  A black bear (D:8)
  13 orc warriors
  2 centaurs
  A blink frog zombie (Lair:5)
  6 ogres
  4 wolves (Lair:2)
  3 kobold brigands
  3 phantoms (D:5)
  6 bullfrogs
  A necrophage (D:5)
  5 scorpions
  A wight (D:5)
  5 killer bees
  An elephant simulacrum (Lair:5)
  An electric eel (D:12)
  4 howler monkeys
  2 hounds (D:6)
  2 gnoll boudas
  13 orc priests
  5 jellies
  10 iguanas
  9 orc wizards
  A hell rat (Lair:3)
  19 gnolls
  2 orc zombies
  8 adders
  2 shadow imps
  2 white imps
  A worm (D:3)
  2 dart slugs (D:2)
  69 orcs
  7 endoplasms
  A giant cockroach (D:2)
  5 goblins
  9 hobgoblins
  3 jackals
  19 kobolds
  5 quokkas
  7 ball pythons
  6 bats
  A frilled lizard (D:2)
  7 rats
410 creatures vanquished.

Vanquished Creatures (others)
  An orc warlord (Orc:2)
  Azrael (D:12)
  Harold (D:10)
  A vault guard (D:13)
  A catoblepas (Lair:5)
  An ogre mage (D:13)
  3 centaur warriors
  3 boulder beetles
  A two-headed ogre (D:9)
  An orc high priest (Orc:2)
  A tengu warrior (D:12)
  A death yak (Lair:3)
  4 deep elf knights (Elf:1)
  Urug (Lair:2)
  3 deep elf archers
  A wizard (D:12)
  A harpy (shapeshifter) (D:14)
  2 lindwurms (D:11)
  4 ugly thing zombies (D:14)
  3 deep elf pyromancers
  3 orc knights
  5 deep elf zephyrmancers (Elf:1)
  2 ugly things (D:14)
  3 orc sorcerers (Orc:2)
  2 elephants
  A cyclops (D:13)
  5 black mambas
  5 cane toads
  2 gargoyles
  A death yak zombie (Lair:3)
  A catoblepas zombie (Lair:5)
  2 kobold demonologists
  A torpor snail (Lair:1)
  6 komodo dragons
  8 rime drakes
  6 centaur zombies
  A polar bear (Lair:1)
  A hornet (D:14)
  3 trolls (Orc:2)
  A dream sheep (Lair:4)
  A blink frog (Lair:3)
  A wyvern (Lair:3)
  3 black mamba zombies
  12 elf zombies (Elf:1)
  7 yaks
  A basilisk (shapeshifter) (Elf:1)
  2 steam dragons
  A redback (D:12)
  2 basilisks (Lair:4)
  4 vampire mosquitoes
  5 wargs
  4 cane toad zombies
  4 hell hounds (D:12)
  A water moccasin (D:7)
  31 orc warriors
  2 black bears
  An elephant zombie (Lair:4)
  6 blink frog zombies
  4 centaurs
  A dream sheep zombie (Lair:4)
  3 ogres
  2 wolves
  A vampire mosquito zombie (D:13)
  4 kobold brigands
  7 rime drake zombies (Lair:2)
  2 komodo dragon zombies
  A bullfrog (Lair:5)
  2 gnoll sergeants
  A hell hound zombie (D:12)
  A scorpion (D:5)
  A water moccasin zombie (Lair:4)
  2 wyvern zombies
  2 warg zombies (Orc:2)
  3 wights (D:5)
  A troll zombie (Orc:2)
  3 killer bees
  A polar bear zombie (Lair:1)
  4 wolf zombies
  A bullfrog zombie (Lair:3)
  A basilisk zombie (Elf:1)
  A gnoll bouda (D:10)
  6 orc priests
  An iguana (D:5)
  A hell rat (Lair:3)
  11 orc wizards
  A naga zombie (Lair:3)
  4 ogre zombies (Orc:2)
  6 gnolls
  2 steam dragon zombies (Lair:2)
  31 orcs
  An endoplasm (D:4)
  A quokka (D:14)
  10 gnoll zombies
  12 kobolds
  13 kobold zombies
  41 orc zombies
  A quokka zombie (D:14)
  47 fungi
  95 plants
  26 withered plants
541 creatures vanquished.

Grand Total: 1169 creatures vanquished

Notes
Turn   | Place    | Note
-------+----------+-------------------------------------------
     0 | D:1      | freelancePsychic the Deep Elf Summoner began the quest for
                  | the Orb.
     0 | D:1      | Reached XP level 1. HP: 10/10 MP: 6/6
   428 | D:1      | Reached XP level 2. HP: 15/15 MP: 6/8
  1016 | D:2      | Reached skill level 5 in Summonings
  1092 | D:1      | Reached XP level 3. HP: 8/19 MP: 6/10
  1096 | D:1      | Learned a level 3 spell: Call Canine Familiar
  1448 | D:2      | Reached skill level 1 in Hexes
  1523 | D:2      | Learned a level 3 spell: Summon Guardian Golem
  1611 | D:2      | Reached XP level 4. HP: 9/24 MP: 6/12
  2825 | D:3      | Reached skill level 1 in Fighting
  2888 | D:3      | Found a stormy altar of Qazlal.
  2913 | D:3      | Found a shimmering altar of Xom.
  3340 | D:3      | Reached XP level 5. HP: 24/29 MP: 13/13
  3770 | D:4      | Noticed a black bear
  3785 | D:4      | Killed a black bear
  3973 | D:4      | Reached skill level 5 in Spellcasting
  3973 | D:4      | Reached XP level 6. HP: 35/35 MP: 10/15
  4391 | D:4      | Found a staircase to the Ecumenical Temple.
  4537 | Temple   | Entered the Ecumenical Temple
  4722 | Temple   | Became a worshipper of Kikubaaqudgha
  5184 | D:4      | Reached skill level 1 in Air Magic
  5306 | D:5      | Entered Level 5 of the Dungeon
  5623 | D:5      | Learned a level 4 spell: Summon Lightning Spire
  5638 | D:5      | Reached XP level 7. HP: 40/40 MP: 11/16
  6181 | D:5      | Reached XP level 8. HP: 48/48 MP: 10/17
  6423 | D:5      | Reached * piety under Kikubaaqudgha
  6423 | D:5      | Received a gift from Kikubaaqudgha
  6527 | D:5      | Reached skill level 1 in Necromancy
  6554 | D:5      | Learned a level 4 spell: Anguish
  6593 | D:5      | Reached skill level 2 in Necromancy
  6778 | D:5      | Reached skill level 3 in Necromancy
  6846 | D:5      | Reached skill level 5 in Hexes
  7069 | D:6      | Reached skill level 5 in Fighting
  7163 | D:6      | Reached skill level 4 in Necromancy
  7163 | D:6      | Reached XP level 9. HP: 36/54 MP: 3/19
  7484 | D:6      | Reached ** piety under Kikubaaqudgha
  8366 | D:7      | Gained mutation: Your body sometimes deteriorates upon
                  | taking damage. [potion of mutation]
  8366 | D:7      | Gained mutation: You have large cloven feet. [potion of
                  | mutation]
  8366 | D:7      | Gained mutation: Your system is resistant to poisons.
                  | (rPois) [potion of mutation]
  8366 | D:7      | Gained mutation: You have a pair of small horns on your
                  | head. [potion of mutation]
  9013 | D:7      | Learned a level 4 spell: Animate Dead
  9028 | D:8      | Noticed Joseph
  9340 | D:8      | Reached skill level 5 in Necromancy
  9383 | D:8      | Killed Joseph
  9832 | D:8      | Identified the +0 helmet of Subjectivity {Int+2}
  9842 | D:8      | Noticed a two-headed ogre
  9847 | D:8      | Killed a two-headed ogre
  9848 | D:8      | Reached skill level 6 in Necromancy
 10039 | D:8      | Reached XP level 10. HP: 52/60 MP: 16/23
 10122 | D:8      | Found a shimmering blue altar of Sif Muna.
 10126 | D:8      | Found a sparkling altar of Nemelex Xobeh.
 10131 | D:8      | Found a glowing silver altar of Zin.
 10154 | D:8      | Found Zaluuv's Jewellery Boutique.
 10157 | D:8      | Bought the ring of Kuazuph {rElec MP+9 Dex+6} for 512 gold
                  | pieces
 10687 | D:8      | Lost mutation: Your body sometimes deteriorates upon taking
                  | damage. [potion of mutation]
 10687 | D:8      | Lost mutation: Your system is resistant to poisons. (rPois)
                  | [potion of mutation]
 10687 | D:8      | Gained mutation: You possess an exceptional clarity of
                  | mind. [potion of mutation]
 10687 | D:8      | Gained mutation: Your body sometimes deteriorates upon
                  | taking damage. [potion of mutation]
 10687 | D:8      | Gained mutation: Your mind is acute. (Int +4, Str/Dex -1)
                  | [potion of mutation]
 10687 | D:8      | Gained mutation: Your flesh is heat resistant. (rF+)
                  | [potion of mutation]
 10854 | D:9      | Found a staircase to the Lair.
 10862 | D:9      | Noticed a two-headed ogre
 10867 | D:9      | Killed a two-headed ogre
 10868 | D:9      | Reached skill level 7 in Necromancy
 11126 | D:9      | Noticed a gargoyle
 11132 | D:9      | Killed a gargoyle
 11277 | D:9      | Found a glowing golden altar of the Shining One.
 11323 | D:9      | You fall into a shaft and drop 2 floors!
 11347 | D:11     | Noticed a gargoyle
 11351 | D:11     | Killed a gargoyle
 11424 | D:11     | Learned a level 6 spell: Death Channel
 11445 | D:11     | Reached *** piety under Kikubaaqudgha
 11445 | D:11     | Received a gift from Kikubaaqudgha
 11463 | D:11     | Reached skill level 5 in Dodging
 11463 | D:11     | Reached skill level 8 in Necromancy
 11642 | D:11     | Found a runed translucent door.
 11772 | D:11     | Noticed a boulder beetle
 11805 | D:11     | Killed a boulder beetle
 11896 | D:11     | Noticed a two-headed ogre
 11909 | D:11     | Killed a two-headed ogre
 11910 | D:11     | Reached XP level 11. HP: 36/67 MP: 14/26
 12101 | D:11     | Reached skill level 9 in Necromancy
 12171 | D:11     | Noticed a lindwurm
 12173 | D:11     | Noticed a lindwurm
 12179 | D:11     | Noticed a lindwurm
 12195 | D:11     | Killed a lindwurm
 12196 | D:11     | Noticed a lindwurm
 12222 | D:11     | Killed a lindwurm
 12348 | D:11     | Killed a lindwurm
 12354 | D:11     | Killed a lindwurm
 12641 | D:11     | Reached **** piety under Kikubaaqudgha
 12646 | D:11     | Identified the +1 animal skin of Prudence {Int+5}
 12662 | D:11     | Found a staircase to the Orcish Mines.
 12960 | D:10     | Entered Level 10 of the Dungeon
 13321 | D:10     | Reached skill level 10 in Necromancy
 13492 | D:10     | Noticed Harold
 13505 | D:10     | Killed Harold
 13506 | D:10     | Reached skill level 1 in Earth Magic
 14312 | Lair:1   | Entered Level 1 of the Lair of Beasts
 14576 | Lair:1   | Found a runed translucent door.
 14576 | Lair:1   | Noticed IdlyInterested's ghost (journeyman DsGl)
 15033 | Lair:1   | Reached XP level 12. HP: 42/75 MP: 27/27
 15038 | Lair:1   | Reached skill level 10 in Spellcasting
 15052 | Lair:1   | Reached skill level 11 in Necromancy
 15504 | Lair:1   | Reached ***** piety under Kikubaaqudgha
 15928 | Lair:2   | Learned a level 5 spell: Borgnjor's Vile Clutch
 16033 | Lair:2   | Reached skill level 5 in Earth Magic
 16612 | Lair:2   | Noticed Urug
 16617 | Lair:2   | Killed Urug
 17043 | Lair:2   | Reached skill level 12 in Necromancy
 17054 | Lair:2   | Reached skill level 1 in Ice Magic
 17254 | Lair:3   | Found a staircase to the Snake Pit.
 17648 | Lair:3   | Reached XP level 13. HP: 82/82 MP: 31/31
 17806 | Lair:3   | Found a staircase to the Shoals.
 18329 | Lair:3   | Learned a level 6 spell: Simulacrum
 18349 | Lair:4   | Reached skill level 10 in Fighting
 18913 | Lair:4   | Reached skill level 13 in Necromancy
 19159 | Lair:4   | Identified a scroll of acquirement
 19160 | Lair:4   | Acquired the ring of the Iron Devil {Wiz Str-3 Int+5
                  | Slay+2}
 19172 | Lair:5   | Entered Level 5 of the Lair of Beasts
 19407 | Lair:5   | Noticed a dire elephant
 19495 | Lair:5   | Noticed Nessos
 19501 | Lair:5   | Killed Nessos
 19760 | Lair:5   | Found an ancient bone altar of Kikubaaqudgha.
 19844 | Lair:5   | Found a staircase to the Slime Pits.
 19844 | Lair:5   | Found a viscous altar of Jiyva.
 19986 | Lair:5   | Your ally Nessos died
 20030 | Lair:5   | Found a blossoming altar of Fedhas.
 20543 | Lair:5   | Learned a level 4 spell: Dispel Undead
 20814 | Lair:5   | Reached skill level 15 in Spellcasting
 20958 | Lair:5   | Reached skill level 1 in Shields
 20961 | Lair:5   | Killed a dire elephant
 21497 | Lair:5   | Reached XP level 14. HP: 88/88 MP: 35/35
 21546 | Lair:5   | Lost strength.
 22369 | Orc:1    | Entered Level 1 of the Orcish Mines
 22396 | Orc:1    | Found Aroq's General Store.
 22671 | Orc:2    | Entered Level 2 of the Orcish Mines
 22671 | Orc:2    | Found a staircase to the Elven Halls.
 23014 | Orc:2    | Found Edefuotus's Armour Shop.
 23051 | Orc:2    | Noticed an orc warlord
 23076 | Orc:2    | Killed an orc warlord
 23436 | Orc:2    | Found a dark tunnel.
 23832 | Orc:2    | Noticed an orc warlord
 23839 | Orc:2    | Reached skill level 14 in Necromancy
 23851 | Orc:2    | Killed an orc warlord
 23856 | Orc:2    | Reached skill level 10 in Dodging
 23864 | Orc:2    | Found Agel's Antique Armour Shoppe.
 24003 | Orc:2    | Found Welastru's Antique Weapon Emporium.
 24435 | Orc:2    | Found Ikep's General Store.
 24650 | Orc:2    | Noticed Snorg
 24660 | Orc:2    | Killed Snorg
 24853 | Orc:1    | Bought the +5 morningstar "Yphoorch" {vorpal, *Corrode MP+9
                  | Str+10} for 867 gold pieces
 24853 | Orc:1    | Bought a scroll of blinking for 90 gold pieces
 24912 | Elf:1    | Entered Level 1 of the Elven Halls
 25212 | D:12     | Noticed Azrael
 25221 | D:12     | Killed Azrael
 25233 | D:12     | Noticed Rupert
 25237 | D:12     | Killed Rupert
 25480 | D:12     | Noticed Psyche
 25485 | D:12     | Killed Psyche
 26493 | D:13     | Reached skill level 15 in Necromancy
 26701 | D:13     | Found a gate to the Vaults.
 26716 | D:13     | Reached XP level 15. HP: 47/95 MP: 22/36
 27436 | D:14     | Noticed Josephine
 27444 | D:14     | Killed Josephine
 27470 | D:14     | Reached skill level 10 in Summonings
 27700 | D:14     | Found a frozen archway.
 27855 | IceCv    | Entered an ice cave
 28017 | IceCv    | Reached ****** piety under Kikubaaqudgha
 28018 | IceCv    | Reached skill level 16 in Necromancy
 28039 | IceCv    | Identified the +1 pair of gloves of Lomimeg {rElec rC-
                  | Str-3 Dex+6}
 28939 | IceCv    | Identified the +10 falchion "Otuer" {freeze, rN+ Int-2
                  | Dex+3}
 29111 | D:14     | Received a gift from Kikubaaqudgha
 29120 | D:14     | Learned a level 7 spell: Haunt
 29548 | D:15     | Entered Level 15 of the Dungeon
 29682 | D:15     | Reached skill level 1 in Transmutations
 30712 | D:15     | Noticed a frost giant
 30712 | D:15     | a frost giant changed into an alligator snapping turtle
 30719 | D:15     | Noticed a caustic shrike
 30719 | D:15     | a dire elephant changed into a caustic shrike
 30724 | D:15     | Killed a caustic shrike
 30801 | D:15     | Found a staircase to the Depths.
 31174 | Elf:1    | Noticed a deep elf sorcerer
 31183 | Elf:1    | Paralysed by an air elemental for 1 turns
 31223 | Elf:1    | Reached XP level 16. HP: 84/101 MP: 4/37
 31615 | Elf:1    | Reached skill level 5 in Transmutations
 31946 | Elf:1    | Collided with a +1 halberd of freezing

Illustrated notes

Levels and vault maps discovered:
D:1:      sevenhm_arrival_forest_fort_small_4, layout_basic
D:2:      layout_basic
D:3:      kb_forest_paths, layout_loops_ring,
          mainiacjoe_overflow_six_doors_small, xom_teletrap_fun, serial_shops,
          shop, kennysheep_pointless_box, minmay_strange_pillars
D:4:      layout_cave_pods, minmay_temple_entry_trees
D:5:      minmay_polygon_palace, layout_basic
D:6:      layout_rooms, st_stairs_6
D:7:      layout_basic
D:8:      layout_basic, grunt_temple_overflow_diamond, serial_shops,
          nicolae_shop_behind_doors, nicolae_two_hexagons, uniq_joseph
D:9:      layout_basic, mainiacjoe_overflow_alcove_2, general_overflow_altar,
          mainiacjoe_overflow_24_doors, lair_entry_dummy,
          kennysheep_generic_room_11
D:10:     layout_cave_pods, uniq_harold
D:11:     dreamdust_labyrinth, layout_rooms, erik_orc_1, minmay_lindwurm_lava
D:12:     layout_cave_pools, special_room [special_room_orc], minivault_4,
          patterned_corridor, uniq_psyche, uniq_rupert, uniq_azrael
D:13:     layout_irregular_city, lightli_vaults_fourway_checkpoint
D:14:     layout_roguey, chequers_serial_rivers_micro_a,
          portal_ice_cave_entry_ice_simulacra, uniq_josephine
D:15:     gammafunk_enter_depths_forms, layout_irregular_city, dk_noncrumbling_4
Temple:   dpeg_chambers_temple
Lair:1:   layout_layer_cave, gammafunk_ghost_grave, beast_lair_carwin_9,
          lemuel_fruit_tree
Lair:2:   layout_loops_ring, bobbens_dragon_lair_wall,
          infiniplex_staircase_pool_2, uniq_urug
Lair:3:   layout_big_grid, minmay_shoals_entry_beasts,
          minmay_snake_entry_guardpost_large, nicolae_lair_grove_arrangements,
          grunt_megastairs_5
Lair:4:   layout_misc_corridors, grunt_megastairs_4
Lair:5:   due_jungle_book, layout_gridlike, nicolae_slime_entry_slimehenge,
          basic_altar, tgw_fedhas, uniq_nessos
Orc:1:    layout_caves, serial_shops, shop_fountains
Orc:2:    grunt_orc_community_town_hall, layout_diamond_mine,
          grunt_orc_community_big_house_1, grunt_orc_community_big_house_1,
          grunt_orc_community_house_1, grunt_orc_community_house_3,
          grunt_orc_community_house_1, grunt_orc_community_house_2,
          enter_volcano_2, uniq_snorg
Elf:1:    eino_elf_arrival_the_gate, layout_geoelf_diagonals,
          minmay_elf_demonology

Skill      XL: |  1  2  3  4  5  6  7  8  9 10 11 12 13 14 15 16 |
---------------+-------------------------------------------------+-----
Summonings     | 5 6 7 9 11 | 11.2
Spellcasting   | 4 5 7 9 12 15 | 15.5
Hexes          | 1 2 3 5 7 |  7.8
Fighting       | 1 2 3 5 6 7 8 9 10 11 12 | 12.4
Air Magic      | 1 3 4 |  4.1
Necromancy     | 4 6 8 10 12 13 15 16 | 16.5
Dodging        | 6 8 9 10 12 | 12.2
Earth Magic    | 3 6 7 |  7.1
Ice Magic      | 3 4 |  4.9
Shields        | 2 3 |  3.8
Transmutations | 4 6 |  6.3
Stealth        | |  2.4

Action                   |  1- 3 |  4- 6 |  7- 9 | 10-12 | 13-15 | 16-18 || total
-------------------------+-------+-------+-------+-------+-------+-------++-------
Melee: Unarmed           |     4 |       |       |       |       |       ||     4
       Staff             |    10 |    24 |    30 |    18 |    13 |       ||    95
       Punch             |     1 |       |     1 |     2 |       |       ||     4
       Headbutt          |       |       |     1 |     6 |    14 |     2 ||    23
       Morningstar       |       |       |       |       |    30 |     4 ||    34
 Cast: Summon Small Mamm |    33 |    52 |     3 |       |       |       ||    88
       Call Canine Famil |     4 |    25 |    24 |    34 |     5 |       ||    92
       Summon Guardian G |     1 |     6 |    25 |     5 |       |       ||    37
       Summon Lightning  |       |       |    18 |    29 |     7 |       ||    54
       Anguish           |       |       |    14 |    72 |    72 |     2 ||   160
       Animate Dead      |       |       |     1 |     8 |    13 |     1 ||    23
       Death Channel     |       |       |       |    10 |    39 |     2 ||    51
       Borgnjor's Vile C |       |       |       |    23 |   138 |    18 ||   179
       Dispel Undead     |       |       |       |       |    78 |       ||    78
       Simulacrum        |       |       |       |       |    17 |       ||    17
       Haunt             |       |       |       |       |    11 |    11 ||    22
Invok: Unearth Wretches  |       |       |       |     2 |    20 |       ||    22
       Receive Forbidden |       |       |       |       |     1 |       ||     1
Evoke: Wand              |       |       |       |     1 |     1 |       ||     2
  Use: Scroll            |     2 |     6 |     3 |     9 |    13 |     1 ||    34
       Potion            |     1 |       |     2 |     2 |     2 |       ||     7
 Stab: Sleeping          |       |     1 |       |       |       |       ||     1
Armor: Robe              |     7 |    14 |     7 |       |       |       ||    28
       Leather armour    |       |       |       |    30 |       |       ||    30
       Steam dragon scal |       |       |       |     2 |    34 |       ||    36
       Troll leather arm |       |       |       |       |    19 |     5 ||    24
Dodge: Dodged            |    18 |    35 |    34 |   136 |   247 |    20 ||   490
Block: Buckler           |       |       |       |       |    92 |     8 ||   100
       Reflection        |       |       |       |       |     2 |     1 ||     3

Table legend: (Time is in decaauts)
 A = Elapsed time spent in this place.
 B = Non-inter-level travel time spent in this place.
 C = Inter-level travel time spent in this place.
 D = Time resting spent in this place.
 E = Time spent auto-exploring this place.
 F = Levels seen in this place.
 G = Mean time per level.
                   A        B        C        D        E       F      G
               +--------+--------+--------+--------+--------+-----+--------+
         Total |  34442 |  32879 |   1563 |    813 |  27041 |  25 | 1377.7 |
       Dungeon |  19808 |  18790 |   1018 |    643 |  15275 |  15 | 1320.5 |
        Temple |    212 |    186 |     26 |      0 |    170 |   1 |  212.0 |
          Lair |   9300 |   9103 |    197 |      0 |   8066 |   5 | 1860.0 |
  Orcish Mines |   2958 |   2640 |    318 |    128 |   1924 |   2 | 1479.0 |
   Elven Halls |   1029 |   1027 |      2 |      3 |    748 |   1 | 1029.0 |
      Ice Cave |   1133 |   1133 |      0 |     39 |    857 |   1 | 1133.0 |
               +--------+--------+--------+--------+--------+-----+--------+

Top non-repeatable levels by time:
  Lair:5: 3394 daAuts
   Orc:2: 2483 daAuts
    D:11: 1855 daAuts
  Lair:3: 1743 daAuts
  Lair:1: 1707 daAuts
     D:5: 1641 daAuts
    D:13: 1549 daAuts
  Lair:2: 1506 daAuts
    D:10: 1461 daAuts
     D:2: 1453 daAuts
     D:8: 1423 daAuts
     D:7: 1377 daAuts
    D:12: 1365 daAuts
     D:4: 1353 daAuts
    D:15: 1331 daAuts
